cohdb
Replays
Latest Replays
All Replays
Popular Replays
Top Player Replays
Match Explorer
How It Works
Community
CoH3 Stats
Reddit
Sign in to upload your games and track your stats! →
Sign in with Steam
Match 39397990
Unlisted
Match 39397990
Overview
Messages
Build Orders
End
Selects Airborne Battlegroup
Selects Heavy Machine Gun Paradrop
Heavy Machine Gun Paradrop
Construct Weapon Support Center
Bazooka Squad
Heavy Machine Gun Paradrop
Mechanized Support Center
Selects Paratrooper Squad Paradrop
M3 Armored Personnel Carrier
Engineer Squad
Paratrooper Squad Paradrop
M3 Armored Personnel Carrier
Designate Forward Repair Station
.30 cal Machine Gun
Paratrooper Squad Paradrop
抖音雨哲QAQ
Mr.28M
1Tap.com
L1mbo
insane
Raystag14
Toasty McToastFace
Thunderhill
0
0
Comments
sign in to comment!
No comments posted yet!